 Dungeon Crawl Stone Soup version 0.23.2-1-ga50397a (webtiles) character file.

Game seed: 14578502649302389028

65 Goblin1989 the Insei (level 3, -1/27 HPs)
             Began as a Demonspawn Warper on Apr 18, 2019.
             Was an Initiate of Cheibriados.
             Slain by Terence
             ... wielding a +0 flail
              (4 damage)
             ... on level 2 of the Dungeon.
             The game lasted 00:03:00 (2233 turns).

Goblin1989 the Insei (Demonspawn Warper)            Turns: 2233, Time: 00:03:01

Health: -1/27      AC:  4    Str: 13    XL:     3   Next: 94%
Magic:  6/6        EV: 12    Int: 15    God:    Cheibriados [......]
Gold:   76         SH:  0    Dex: 13    Spells: 4/6 levels left

rFire    . . .     SeeInvis .     - Unarmed
rCold    . . .     Gourm    .   (no shield)
rNeg     . . .     Faith    .   a - +0 leather armour
rPois    .         Spirit   .   (helmet restricted)
rElec    .         Reflect  .   N - +0 cloak
rCorr    .         Harm     .   (no gloves)
MR       .....                  (no boots)
Stlth    +.........             (no amulet)
HPRegen  0.09/turn              (no ring)
MPRegen  0.10/turn              (no ring)

@: slow
A: horns 1
a: Bend Time, Renounce Religion


You were on level 2 of the Dungeon.
You worshipped Cheibriados.
Cheibriados was noncommittal.
You were not hungry.

You visited 1 branch of the dungeon, and saw 2 of its levels.

You collected 76 gold pieces.

Inventory:

Hand Weapons
 H - a +0 vampiric dagger
Missiles
 d - 5 tomahawks of dispersal (quivered)
Armour
 a - a +0 leather armour (worn)
 N - a +0 cloak (worn)
Wands
 O - a wand of enslavement (9)
Scrolls
 B - a scroll of blinking
 C - a scroll of fear {unknown}
 E - a scroll of teleportation {unknown}
 F - 3 scrolls of identify {unknown}
 J - a scroll of immolation {unknown}
 L - a scroll of random uselessness {unknown}
Potions
 I - a potion of haste {unknown}
 K - a potion of magic {unknown}
 M - a potion of agility {unknown}
Comestibles
 e - 7 rations


   Skills:
 - Level 2.0 Fighting
 - Level 0.8 Throwing
 - Level 0.8 Armour
 - Level 1.7 Dodging
 + Level 3.9 Unarmed Combat
 - Level 2.0 Spellcasting
 - Level 2.6 Translocations


You had 4 spell levels left.
You knew the following spells:

 Your Spells              Type           Power        Failure   Level  Hunger
d - Blink                 Tloc           N/A          14%         2    ###....

Your spell library contained the following spells:

 Spells                   Type           Power        Failure   Level  Hunger
 Shroud of Golubria       Chrm/Tloc      #.........   24%         2    ###....
 Gell's Gravitas          Tloc           #.........   28%         3    ###....
 Lesser Beckoning         Tloc           #.........   28%         3    ###....
 Teleport Other           Tloc           #.......     28%         3    ###....
 Passage of Golubria      Tloc           N/A          67%         4    #####..


Dungeon Overview and Level Annotations

Branches:
Dungeon (2/15)

Altars:
Cheibriados

Annotations:
D:2 Terence


Innate Abilities, Weirdness & Mutations

You have a pair of small horns on your head.


Message History

The worm bites you!
You take 8 damage, and have 19/27 hp.
MASSIVE DAMAGE!!
You hit the worm. You headbutt the worm.
The worm is almost dead.
You hit the worm.
You kill the worm!
M - a bubbling pink potion You now have 76 gold pieces (gained 20).
Things that are here:
a +0 club; a +0 ring mail
There is a snail-covered altar of Cheibriados here.
You kneel at the altar of Cheibriados.
Cheibriados welcomes you!
Cheibriados begins to support your attributes as your movement slows.
You can now bend time to slow others.
Unknown command.
Press < or > to pray at altars.
N - a cloak You see here a wand of enslavement (9).
O - a wand of enslavement (9) Wear which item? (? for menu, Esc to quit)
You start putting on your armour.
You continue putting on your cloak. x4
You finish putting on your +0 cloak.
Unknown command.
e - 6 rations (gained 1) Health restored: 27
e - 7 rations (gained 1)
F - 3 scrolls labeled KADOILL SIPN (gained 1)
You see here a goblin skeleton.
A goblin comes into view.
The goblin moves out of view.
Terence the Incautious comes into view.
He is wielding a +0 flail.
Terence shouts!
You hit the goblin.
The goblin is moderately wounded.
The goblin barely misses you.
You barely miss the goblin.
The goblin is moderately wounded.
The goblin hits you.
Terence shouts, "ATTACK!!!"
You take 1 damage, and have 26/27 hp.
You hit the goblin.
The goblin is severely wounded.
The goblin barely misses you.
You hit the goblin.
You kill the goblin!
Cheibriados appreciates the change of pace.
You hit Terence.
Terence is lightly wounded.
Terence barely misses you.
You hit Terence.
Terence is moderately wounded.
You hit Terence.
Terence is moderately wounded.
Terence barely misses you.
You closely miss Terence.
Terence is moderately wounded.
Terence hits you but does no damage.
You barely miss Terence.
Terence is moderately wounded.
Terence hits you with a +0 flail.
You take 6 damage, and have 20/27 hp.
MASSIVE DAMAGE!!
You hit Terence but do no damage.
Terence is moderately wounded.
You hit Terence but do no damage.
Terence is moderately wounded.
Terence barely misses you.
You hit Terence. You headbutt Terence.
Terence is heavily wounded.
Terence hits you with a +0 flail.
You take 1 damage, and have 19/27 hp.
You hit Terence but do no damage. You headbutt Terence.
Terence is severely wounded.
Terence barely misses you.
You barely miss Terence. Your headbutt misses Terence.
Terence is severely wounded.
You hit Terence.
Terence is almost dead.
Terence misses you.
You hit Terence but do no damage.
Terence is almost dead.
Terence hits you with a +0 flail!
* * * LOW HITPOINT WARNING * * *
You take 7 damage, and have 12/27 hp.
MASSIVE DAMAGE!!
You closely miss Terence.
Terence is almost dead.
Terence barely misses you.
Unknown command.
You hit Terence but do no damage.
Terence is almost dead.
You hit Terence but do no damage.
Terence is almost dead.
Terence hits you with a +0 flail!
* * * LOW HITPOINT WARNING * * *
You take 9 damage, and have 3/27 hp.
MASSIVE DAMAGE!!
Unknown command.
You closely miss Terence. Your headbutt misses Terence.
Terence is almost dead.
Terence hits you with a +0 flail.
You die...

...█████████ █.█
.........█ █.█..
.........█ █.██.. ███
.........█ █.█ ..██..
.........█████.█
..█.██
...<...).......█ ....█
.........███████ ...█
████████.█ ███████..█
█.██████.@@....███
█..÷.....████....█
██........████........
█......)........█.████
█............█......
█..████)████.█..██....
█..██.....██.█..█ ....
█..█^......█.█..█ ....
██.█.......█.█..█


You could see Terence.

Vanquished Creatures
  An adder (D:2)
  3 oozes
  A worm (D:2)
  3 dart slugs
  2 leopard geckos
  An orc (D:2)
  4 bats
  A giant cockroach (D:2)
  5 goblins
  5 hobgoblins
  2 frilled lizards
  2 kobolds (D:2)
  2 rats (D:1)
32 creatures vanquished.

Notes
Turn   | Place    | Note
-------+----------+-------------------------------------------
     0 | D:1      | Goblin1989 the Demonspawn Warper began the quest for the
                  | Orb.
     0 | D:1      | Reached XP level 1. HP: 16/16 MP: 3/3
    46 | D:1      | Reached skill level 2 in Unarmed Combat
   450 | D:1      | Gained mutation: You have a pair of small horns on your
                  | head. [demonic ancestry]
   450 | D:1      | Reached XP level 2. HP: 19/22 MP: 5/5
   454 | D:1      | Learned a level 2 spell: Blink
   859 | D:1      | Reached skill level 3 in Unarmed Combat
  1347 | D:2      | Reached XP level 3. HP: 15/27 MP: 6/6
  1840 | D:2      | Found a snail-covered altar of Cheibriados.
  2100 | D:2      | Became a worshipper of Cheibriados the Contemplative
  2206 | D:2      | Noticed Terence
  2233 | D:2      | Slain by Terence

Skill      XL: |  1  2 |
---------------+-------+-----
Unarmed Combat | 2 3 |  3.9
Fighting       | |  2.0
Throwing       | |  0.8
Armour         | |  0.8
Dodging        | |  1.7
Spellcasting   | |  2.0
Translocations | |  2.6

Action                   || total
-------------------------++-------
Melee: Unarmed           ||   133
       Headbutt          ||    15
  Eat: Chunk             ||     4
Armor: Leather armour    ||    38
Dodge: Dodged            ||    65

Levels and vault maps discovered:
D:1:      dpeg_arrival_houses_and_road, layout_basic, serial_corexii_hall,
          corexii_hall_statues_u, chequers_hall_statues_corner_a
D:2:      layout_basic, old_standard_altar, first_ration,
          minmay_rat_gold_closets, uniq_terence, uniq_natasha
